 Dungeon Crawl Stone Soup version 0.30-a0-778-g2ef04afb54 (webtiles) character file.

Game seed: 9234396892710655425

8523 Dittersdorf the Blocker (level 11, 0/72 HPs)
             Began as a Gargoyle Fighter on Feb 16, 2023.
             Slain by a wyvern (6 damage)
             ... on level 9 of the Dungeon.
             The game lasted 00:12:39 (6875 turns).

Dittersdorf the Blocker (Gargoyle Fighter)          Turns: 6875, Time: 00:12:39

Health: 0/72       AC: 18    Str: 23    XL:     11   Next: 32%
Magic:  11/11      EV:  9    Int: 10    God:
Gold:   449        SH: 12    Dex:  6    Spells: 10/10 levels left

rFire   . . .      SeeInvis +    q - +4 flail
rCold   + . .      Faith    .    c - +1 buckler
rNeg    + + .      Spirit   .    A - +4 scale mail
rPois   ∞          Reflect  +    B - +0 helmet of Qiahukuq {rC+ Will+ Dex-3}
rElec   +          Harm     .    y - +0 cloak
rCorr   .          Rampage  .    k - +0 pair of gloves
Will    ++...                    p - +0 pair of boots Stlth
                                 b - amulet "Ritog" {Reflect Will+ Regen+ Slay+5 SH+5 SInv}
HPRegen 1.12/turn                l - ring of see invisible
MPRegen 0.12/turn                w - ring of positive energy

@: corroded, studying Shields
A: sickness immunity, AC +8, negative energy resistance 1, electricity
resistance, torment resistance 1, petrification resistance
a: no special abilities


You were on level 9 of the Dungeon.
You visited 2 branches of the dungeon, and saw 10 of its levels.
You also visited: Bailey.

You collected 449 gold pieces.

Inventory:

Hand Weapons
 a - a +1 morningstar
 q - a +4 flail (weapon)
Armour
 c - a +1 buckler (worn)
 k - a +0 pair of gloves (worn)
 p - a +0 pair of boots (worn)
 y - a +0 cloak (worn)
 A - a +4 scale mail (worn)
 B - the +0 helmet of Qiahukuq (worn) {rC+ Will+ Dex-3}
   (You found it in a bailey)

   Dex:       It affects your dexterity (-3).
   rC:        It protects you from cold.
   Will:      It increases your willpower.
Jewellery
 b - the amulet "Ritog" (around neck) {Reflect Will+ Regen+ Slay+5 SH+5 SInv}
   (You found it on level 2 of the Dungeon)

   [amulet of reflection]

   It reflects blocked missile attacks.
   Slay:      It affects your accuracy & damage with ranged weapons and melee
   (+5).
   SInv:      It lets you see invisible.
   Regen:     It increases your rate of health regeneration.
   SH:        It affects your SH (+5).
   Will:      It increases your willpower.
 d - the macabre finger necklace {Finger+ rN+}
   (You found it in a bailey)

   [amulet of nothing]

   Finger+:   It enables you to equip an extra ring.
   rN:        It protects you from negative energy.
 j - a ring of fire
 l - a ring of see invisible (left hand)
 w - a ring of positive energy (right hand)
 x - a ring of protection from cold
Wands
 u - a wand of roots (25)
Scrolls
 s - a scroll of brand weapon
 t - 2 scrolls of blinking
 C - a scroll of poison
 E - a scroll of teleportation
 F - a scroll of enchant weapon
 G - 2 scrolls of fear {unknown}
 H - a scroll of enchant armour
 I - a scroll of fog
Potions
 e - a potion of resistance
 f - 3 potions of haste
 g - 4 potions of flight
 h - 7 potions of curing
 i - a potion of heal wounds {unknown}
 m - 2 potions of magic {unknown}
 n - a potion of cancellation {unknown}
 o - 3 potions of brilliance {unknown}
 r - 3 potions of invisibility {unknown}
 v - a potion of experience {unknown}
 z - 2 potions of degeneration {unknown}
 D - a potion of mutation {unknown}


   Skills:
 + Level 10.1 Fighting
 + Level 9.0 Maces & Flails
 + Level 10.1 Armour
 + Level 13.5 Shields


You had 10 spell levels left.
You didn't know any spells.
Your spell library contained the following spells:

 Spells                   Type           Power      Damage    Failure   Level
 Inner Flame              Hex/Fire       0%         N/A       96%         3
 Animate Armour           Summ/Erth      0%         N/A       100%        4
 Flame Wave               Conj/Fire      0%         2d4       100%        4
 Sticky Flame             Conj/Fire      0%         2d3       100%        4
 Blade Hands              Tmut           0%         N/A       100%        5
 Iron Shot                Conj/Erth      0%         9d1       100%        6


Dungeon Overview and Level Annotations

Branches:
Dungeon (9/15)             Temple (1/1) D:5          Bailey (visited)
   Lair: D:8-11         Orc: D:9-12

Altars:
Cheibriados
Dithmenos
Elyvilon
Fedhas
Gozag
Hepliaklqana
Kikubaaqudgha
Makhleb
Nemelex Xobeh
Qazlal
Ru
Sif Muna
Trog
Uskayaw
Vehumet
Wu Jian
Xom
Yredelemnul
Zin
The Shining One

Shops:
D:3 (   D:6 ([((   D:7 [


Innate Abilities, Weirdness & Mutations

You are immune to sickness and miasma.
Your stone body is resilient. (AC +8)
You are immune to poison.
You resist negative energy. (rN+)
You are resistant to electric shocks. (rElec)
You are resistant to unholy torment.
You are immune to petrification.


Message History

The wyvern barely misses you.
Erica points at you and mumbles some strange words.
You resist with almost no effort.
The kobold demonologist casts a cantrip, but nothing happens.
The wyvern bites you but does no damage.
You hit Erica.
Erica is almost dead.
Erica hits you with a +3 scimitar of flaming!
Erica burns you. You block the wyvern's attack.
You hit Erica.
Erica is almost dead.
You block the wyvern's attack. Erica hits you but does no damage.
The acid dragon bites you! The acid dragon barely misses you.
You block the wyvern's attack.
You hit Erica.
You kill Erica!
The acid dragon bites you but does no damage.
The acid dragon closely misses you. The wyvern bites you!
Your Maces & Flails skill increases to level 9!
Your Armour skill increases to level 10!
You sock the acid dragon!
The acid dragon is heavily wounded.
You block the wyvern's attack. You block the acid dragon's attack.
The acid dragon claws you but does no damage.
The kobold demonologist hits you but does no damage.
The wyvern closely misses you.
You hit the kobold demonologist but do no damage.
The kobold demonologist casts a spell.
You block the acid dragon's attack.
The acid dragon claws you but does no damage.
The wyvern bites you.
You barely miss the kobold demonologist.
You block the wyvern's attack. The acid dragon spits acid at you.
The splash of acid hits you!!
* * * LOW HITPOINT WARNING * * *
The acid corrodes you!
You block the kobold demonologist's attack.
The wyvern bites you.
You die...

########################
#......5..........)))...
#.....5@..........#####.
#.....KlD#...###..# #.
#........#...# #..# #.
#.......5#...# #..# #.
#........#...# #..# #.
#........#...# #..# #.
#........#...# #..# #.
#...<....#...# #..# #.
#...# #.


You could see a kobold demonologist, a wyvern, an acid dragon, an iron imp
(summoned), a quasit (summoned) and a crimson imp (summoned).

Vanquished Creatures
  Erica (D:9)
  2 two-headed ogres
  A gargoyle (Bailey)
  2 hornets
  2 steam dragons
  10 yaks
  A vampire (Bailey)
  2 water moccasins
  4 sky beasts
  5 orc warriors
  2 ice beasts (D:6)
  2 ogres (D:6)
  3 centaurs
  A phantom (D:5)
  A gnoll sergeant (D:7)
  2 scorpions
  5 wights (D:7)
  3 killer bees
  8 vampire bats (Bailey)
  7 wolf zombies (Bailey)
  6 howler monkeys
  A quasit (D:4)
  A hound (D:5)
  10 orc priests
  Crazy Yiuf (D:3)
  A gnoll bouda (D:6)
  Ijyb (D:4)
  3 iguanas
  12 orc wizards
  8 gnolls
  16 orc zombies (Bailey)
  5 adders
  7 white imps
  2 ufetubi (D:5)
  A worm (D:2)
  4 dart slugs
  32 orcs
  6 ball pythons
  10 endoplasms
  4 giant cockroaches
  7 hobgoblins
  4 jackals (D:5)
  3 kobolds (D:2)
  4 quokkas
  2 bats
  2 frilled lizards (D:1)
  9 goblins
  6 rats
232 creatures vanquished.

Vanquished Creatures (others)
  4 demonic plants (D:4)
4 creatures vanquished.

Grand Total: 236 creatures vanquished

Notes
Turn   | Place    | Note
-------+----------+-------------------------------------------
     0 | D:1      | Dittersdorf the Gargoyle Fighter began the quest for the
                  | Orb.
     0 | D:1      | Reached XP level 1. HP: 14/14 MP: 1/1
   160 | D:1      | Found a faded altar of an unknown god.
   209 | D:1      | Reached XP level 2. HP: 14/19 MP: 2/2
   812 | D:1      | Reached XP level 3. HP: 23/23 MP: 3/3
  1114 | D:2      | Identified the amulet "Ritog" {Reflect Will+ Regen+ Slay+5
                  | SH+5 SInv}
  1447 | D:2      | Reached XP level 4. HP: 28/29 MP: 4/4
  1626 | D:3      | Found Ryir's Weapon Emporium.
  2002 | D:3      | Found a runed translucent door.
  2003 | D:3      | Noticed Crazy Yiuf
  2250 | D:3      | Killed Crazy Yiuf
  2251 | D:3      | Reached skill level 4 in Shields
  2286 | D:4      | Identified a scroll of acquirement
  2286 | D:4      | Acquired a manual of Shields
  2412 | D:4      | Noticed Ijyb
  2421 | D:4      | Killed Ijyb
  2422 | D:4      | Reached XP level 5. HP: 33/33 MP: 5/5
  2496 | D:4      | Found a shadowy altar of Dithmenos.
  2575 | D:4      | Reached skill level 5 in Shields
  2575 | D:4      | Reached XP level 6. HP: 39/39 MP: 6/6
  2862 | D:5      | Entered Level 5 of the Dungeon
  3007 | D:5      | Reached skill level 5 in Fighting
  3007 | D:5      | Reached skill level 5 in Armour
  3007 | D:5      | Reached skill level 6 in Shields
  3007 | D:5      | Reached XP level 7. HP: 34/44 MP: 7/7
  3032 | D:5      | Noticed a hornet
  3044 | D:5      | Killed a hornet
  3112 | D:5      | Found a glowing silver altar of Zin.
  3282 | D:5      | Found a staircase to the Ecumenical Temple.
  3306 | Temple   | Entered the Ecumenical Temple
  3419 | D:5      | Reached skill level 7 in Shields
  3428 | D:5      | Reached XP level 8. HP: 48/51 MP: 8/8
  3657 | D:6      | Reached skill level 5 in Maces & Flails
  3659 | D:6      | Found Heijel's Antique Weapon Shop.
  3781 | D:6      | Reached skill level 8 in Shields
  3899 | D:6      | Found Poanohi's Antique Weapon Shop.
  3967 | D:6      | Found Toemoof's Weapon Emporium.
  4163 | D:6      | Found Qefuonen's Antique Weapon Emporium.
  4473 | D:6      | Reached skill level 9 in Shields
  4473 | D:6      | Reached XP level 9. HP: 57/57 MP: 9/9
  4612 | D:6      | Found Xisit's Armour Shop.
  4903 | D:7      | Found Waikk's Armour Shoppe.
  5018 | D:7      | Reached skill level 10 in Shields
  5205 | D:8      | Noticed a hornet
  5217 | D:8      | Killed a hornet
  5287 | D:8      | Found a shimmering blue altar of Sif Muna.
  5287 | D:8      | Found a blossoming altar of Fedhas.
  5306 | D:8      | Found a burning altar of Makhleb.
  5308 | D:8      | Found a faded altar of an unknown god.
  5309 | D:8      | Found a hazy altar of Hepliaklqana.
  5336 | D:8      | Found a flagged portal.
  5355 | Bailey   | Entered a bailey
  5432 | Bailey   | Reached XP level 10. HP: 63/64 MP: 10/10
  5446 | Bailey   | Reached skill level 11 in Shields
  5548 | Bailey   | Noticed a gargoyle
  5562 | Bailey   | Killed a gargoyle
  5621 | Bailey   | Found the macabre finger necklace {Finger+ rN+}
  5743 | Bailey   | Identified the +0 helmet of Qiahukuq {rC+ Will+ Dex-3}
  6288 | D:8      | Reached skill level 12 in Shields
  6375 | D:9      | Noticed a two-headed ogre
  6381 | D:8      | Killed a two-headed ogre
  6484 | D:9      | Reached XP level 11. HP: 42/72 MP: 11/11
  6543 | D:8      | Reached skill level 13 in Shields
  6584 | D:9      | Noticed a two-headed ogre
  6603 | D:9      | Killed a two-headed ogre
  6604 | D:9      | Reached skill level 10 in Fighting
  6855 | D:9      | Noticed Erica
  6872 | D:9      | Killed Erica
  6873 | D:9      | Reached skill level 10 in Armour
  6875 | D:9      | Slain by a wyvern

Illustrated notes

Levels and vault maps discovered:
D:1:      mrwooster_arrival_arrow, layout_loops_corners,
          shapermc_ecumenical_altar_pompeii
D:2:      layout_basic
D:3:      layout_basic, serial_shops, shop, uniq_crazy_yiuf_cottage
D:4:      layout_cave_pools, nicolae_dithmenos_the_darkroom, serial_demonic,
          serial_demonic_c, serial_demonic_b, serial_demonic_d,
          serial_demonic_b, serial_demonic_c, serial_demonic_g, uniq_ijyb
D:5:      layout_gridville, kennysheep_mini_moat, minmay_temple_entry_fiery
D:6:      layout_basic, serial_shops, shop, shop, nicolae_shop_stone, shop,
          shop, minmay_misc_feat_doors, st_stairs_3, minmay_crossroads
D:7:      layout_rooms, serial_shops, kennysheep_mini, minmay_liquid_box
D:8:      layout_cave_pools, chequers_temple_overflow_minitemple,
          enter_bailey_3, amcnicky_mini_corridor_feature
D:9:      okawaru_arena_lexackson, layout_long_grid, kennysheep_little_box,
          david_orc_4, minmay_joined_circles, uniq_erica
Temple:   nicolae_temple_ecumenical_triangle

Skill      XL: |  1  2  3  4  5  6  7  8  9 10 11 |
---------------+----------------------------------+-----
Fighting       | 4 5 7 8 9 10 | 10.1
Armour         | 4 5 6 8 9 10 | 10.1
Shields        | 4 5 6 7 9 10 12 13 | 13.5
Maces & Flails | 3 4 5 7 8 9 |  9.0

Action                     |  1- 3 |  4- 6 |  7- 9 | 10-12 || total
---------------------------+-------+-------+-------+-------++-------
  Melee: Flail             |   114 |    32 |   226 |   291 ||   663
         Mace              |       |    62 |    31 |       ||    93
    Use: Scroll            |       |    10 |     6 |       ||    16
         Potion            |       |       |       |     2 ||     2
 Armour: Scale mail        |    43 |       |    29 |   156 ||   228
         Chain mail        |    13 |    61 |    60 |       ||   134
         Plate armour      |       |       |    65 |       ||    65
  Dodge: Dodged            |    42 |    30 |    76 |   106 ||   254
  Block: Buckler           |    23 |    48 |   186 |   236 ||   493
         Reflection        |       |     2 |     5 |     8 ||    15

Table legend: (Time is in decaauts)
 A = Elapsed time spent in this place.
 B = Non-inter-level travel time spent in this place.
 C = Inter-level travel time spent in this place.
 D = Time resting spent in this place.
 E = Time spent auto-exploring this place.
 F = Levels seen in this place.
 G = Mean time per level.
                   A        B        C        D        E       F      G
               +--------+--------+--------+--------+--------+-----+--------+
         Total |   7002 |   6639 |    363 |    206 |   4532 |  11 |  636.5 |
       Dungeon |   6504 |   6150 |    354 |    140 |   4395 |   9 |  722.7 |
        Temple |     46 |     37 |      9 |      0 |     30 |   1 |   46.0 |
        Bailey |    450 |    450 |      0 |     66 |    107 |   1 |  450.0 |
               +--------+--------+--------+--------+--------+-----+--------+

Top non-repeatable levels by time:
     D:6: 1124 daAuts
     D:1: 913 daAuts
     D:8: 816 daAuts
     D:3: 788 daAuts
     D:5: 703 daAuts
     D:2: 675 daAuts
     D:4: 541 daAuts
     D:7: 499 daAuts
  Bailey: 450 daAuts
     D:9: 441 daAuts
  Temple: 46 daAuts
